 Dungeon Crawl Stone Soup version 0.27-a0-1202-ge72e49191c (webtiles) character file.

Game seed: 14727134775947011835

3309 sanka the Thaumaturge (level 10, -9/73 HPs)
             Began as a Djinni Artificer on June 4, 2021.
             Was an Initiate of Makhleb.
             Mangled by a two-headed ogre
             ... wielding a +0 great mace
              (14 damage)
             ... on level 9 of the Dungeon.
             The game lasted 00:17:22 (10710 turns).

sanka the Thaumaturge (Djinni Artificer)           Turns: 10710, Time: 00:17:23

Health: -9/73      AC: 11    Str: 11    XL:     10   Next: 21%
Gold:   409        EV: 15    Int: 16    God:    Makhleb [......] SH:  0 Dex: 14

rFire    + + +     SeeInvis .   a - +2 dagger (venom)
rCold    . . .     Faith    .   (no shield)
rNeg     . . .     Spirit   .   t - +0 robe {rC+ rF+}
rPois    ∞         Reflect  .   r - +0 helmet
rElec    .         Harm     .   K - +2 cloak
rCorr    .         Rampage  .   h - +0 pair of gloves
Will     +....                  (boots unavailable)
Stlth    ++........             (no amulet)
HPRegen  0.22/turn              c - ring of wizardry
MPRegen  0.00/turn              i - +4 ring of protection

@: about to teleport, flying, studying Spellcasting
A: sickness immunity, fire resistance 2, cold vulnerability 1, float, innate
caster, hp casting, extra vitality 1
a: Renounce Religion


You were on level 9 of the Dungeon.
You worshipped Makhleb.
Makhleb was noncommittal.
You visited 2 branches of the dungeon, and saw 10 of its levels.

You collected 409 gold pieces.


Innate Abilities, Weirdness & Mutations

You are immune to sickness and miasma.
You are immune to poison.
Your flesh is very heat resistant. (rF++)
You are vulnerable to cold. (rC-)
You float through the air rather than walking.
You learn spells naturally, not from books.
Your magical power is your life essence.
You have superior vitality. (+4 HP)


   Skills:
 + Level 6.9 Fighting
 - Level 1.0 Armour
 + Level 7.1 Dodging
 - Level 0.7 Stealth
 + Level 8.5 Spellcasting
 - Level 3.0 Evocations


You had 16 spell levels left.
You knew the following spells:

 Your Spells              Type           Power      Damage    Failure   Level
c - Gell's Gravitas       Tloc           17%        N/A       1%          3
x - Slow                  Hex            34%        N/A       1%          2
z - Sandblast             Erth           68%        2d15      1%          1
X - Olgreb's Toxic Radia  Pois           34%        N/A       1%          4
Your spell library was empty.

Inventory:

Hand Weapons
 a - a +2 dagger of venom (weapon)
 b - a +2 flail of holy wrath
 k - a +0 halberd
 E - a +0 dagger of draining
 J - a +4 quarterstaff of chaos
Missiles
 l - 151 stones
 B - 6 curare-tipped darts {=f}
Armour
 h - a +0 pair of gloves (worn)
 r - a +0 helmet (worn)
 t - a +0 robe of resistance (worn)
 K - a +2 cloak (worn)
Magical Staves
 m - a staff of fire
Jewellery
 c - a ring of wizardry (left hand)
 i - a +4 ring of protection (right hand)
 A - a ring of protection from fire
 I - a ring of positive energy
Wands
 d - a wand of charming (25)
Scrolls
 f - a scroll of fear {unknown}
 g - 6 scrolls of teleportation {@r4}
 j - 2 scrolls of blinking {unknown}
 n - a scroll of silence {unknown}
 o - a scroll of torment {unknown}
 u - a scroll of amnesia {unknown}
 w - 3 scrolls of identify {unknown}
 y - 2 scrolls of noise {unknown}
 z - a scroll of magic mapping {unknown}
 D - a scroll of enchant armour {unknown}
 G - 2 scrolls of brand weapon {unknown}
 L - a scroll of enchant weapon {unknown}
Potions
 p - 3 potions of brilliance
 q - a potion of cancellation {unknown}
 s - a potion of heal wounds {unknown}
 v - a potion of curing {@q1}
 x - a potion of invisibility {unknown}
 C - 2 potions of lignification {!q}
 F - a potion of resistance {unknown}
 H - a potion of magic {unknown}
Miscellaneous
 e - a piece from Xom's chessboard (15/15)

Dungeon Overview and Level Annotations

Branches:
Dungeon (9/15)             Temple (1/1) D:5
   Lair: D:8-11         Orc: D:9-12

Altars:
Ashenzari
Cheibriados
Dithmenos
Elyvilon
Fedhas
Gozag
Hepliaklqana
Kikubaaqudgha
Makhleb
Nemelex Xobeh
Okawaru
Qazlal
Ru
Sif Muna
Trog
Uskayaw
Vehumet
Wu Jian
Xom
Yredelemnul
Zin
The Shining One

Annotations:
D:5 1 runed translucent door, p0werm0de's ghost, amateur DDFi

..▒..▒▒..▒▒............▒
▒.. ▒...▒▒..........▒▒
▒...........▒▒▒▒▒
...▒.......▒▒ ▒▒...▒▒▒▒
▒....▒ ▒▒...▒▒ ▒5YO.▒
▒▒R▒▒▒ ▒▒▒


You could see a two-headed ogre (poisoned), an ice beast and a white imp.


Message History

* * * LOW HITPOINT WARNING * * *
The two-headed ogre barely misses you. The white imp gestures at you.
The puff of frost hits you!
* * * LOW HITPOINT WARNING * * *
The white imp gestures at you. The puff of frost hits you!
* * * LOW HITPOINT WARNING * * *
The two-headed ogre hits you with a +0 great mace!
* * * LOW HITPOINT WARNING * * *
The two-headed ogre closely misses you.
Okay, then.
It was a potion of curing.
The ice beast hits you but does no damage.
You begin to radiate toxic energy.
* * * LOW HITPOINT WARNING * * *
The two-headed ogre completely misses you.
The two-headed ogre hits you with a +0 giant club.
* * * LOW HITPOINT WARNING * * *
The ice beast hits you but does no damage.
The white imp hits you but does no damage.
Your toxic aura wanes.
As you read the scroll labelled TEMAYTO CADO, it crumbles to dust.
You feel strangely unstable.
It was a scroll of teleportation.
The ice beast misses you.
The two-headed ogre hits you with a +0 great mace.
* * * LOW HITPOINT WARNING * * *
The two-headed ogre hits you with a +0 giant club!
You die...

Action                   |  1- 3 |  4- 6 |  7- 9 | 10-12 || total
-------------------------+-------+-------+-------+-------++-------
Melee: Club              |    95 |       |       |       ||    95
       Short sword       |    54 |       |       |       ||    54
       Dagger            |    25 |   151 |   245 |    62 ||   483
       Flail             |       |     2 |    45 |       ||    47
       Unarmed           |       |       |     4 |       ||     4
 Cast: Sandblast         |       |     4 |    20 |     3 ||    27
       Olgreb's Toxic Ra |       |       |     6 |     7 ||    13
Evoke: Wand              |       |     3 |    12 |       ||    15
  Use: Potion            |       |       |     2 |     1 ||     3
       Scroll            |       |       |       |     1 ||     1
 Stab: Sleeping          |       |       |     4 |       ||     4
Armor: Leather armour    |    38 |       |       |       ||    38
       Chain mail        |    76 |    50 |       |       ||   126
       Robe              |       |    26 |   122 |    21 ||   169
       Skin              |       |       |     6 |       ||     6
Dodge: Dodged            |    87 |    74 |   202 |    54 ||   417

Levels and vault maps discovered:
D:1:      shiori_shiawase, layout_loops_ring, ebering_ecumenical_altar_webs
D:2:      layout_rooms, roderic_serpentine_path
D:3:      layout_basic, chequers_serial_rivers_marsh, uniq_crazy_yiuf_cottage,
          uniq_jessica, uniq_robin
D:4:      layout_basic, moated_statue, st_stairs_5, nrook_loot_triangle
D:5:      layout_basic, minmay_temple_entry_hall,
          hellmonk_ghost_happy_afterlife, uniq_duvessa
D:6:      layout_loops_ring, chequers_temple_overflow_minitemple
D:7:      layout_layer_cave, minmay_misc_feat_plants
D:8:      layout_loops_cross, minivault_11, amcnicky_mini_corridor_feature
D:9:      layout_cave_pools, serial_ice, serial_ice_l, serial_ice_o,
          serial_ice_g, serial_ice_h, serial_ice_d, serial_ice_n, serial_ice_e,
          serial_ice_a, serial_ice_b, serial_ice_c, ebering_ghost_inner_flame,
          eino_small_chamber_without_monster, roderic_lattice_a
Temple:   compressed_dpeg_circular_temple

Notes
Turn   | Place    | Note
-------+----------+-------------------------------------------
     0 | D:1      | sanka the Djinni Artificer began the quest for the Orb.
     0 | D:1      | Reached XP level 1. HP: 17/17 MP: 0/0
   479 | D:1      | Found a faded altar of an unknown god.
   526 | D:1      | Reached skill level 2 in Fighting
   526 | D:1      | Reached XP level 2. HP: 19/23 MP: 0/0
  1169 | D:1      | Reached XP level 3. HP: 25/29 MP: 0/0
  1169 | D:1      | Learned a level 1 spell: Sandblast
  1619 | D:1      | Reached skill level 3 in Fighting
  1911 | D:2      | Reached skill level 1 in Spellcasting
  2013 | D:2      | Reached XP level 4. HP: 35/35 MP: 0/0
  2644 | D:3      | Reached skill level 2 in Spellcasting
  2658 | D:3      | Reached XP level 5. HP: 21/40 MP: 0/0
  2658 | D:3      | Learned a level 2 spell: Slow
  2870 | D:3      | Noticed Robin
  2930 | D:3      | Killed Robin
  3148 | D:3      | Identified a +0 robe of resistance
  3148 | D:3      | Noticed Jessica
  3154 | D:3      | Killed Jessica
  3325 | D:3      | Found a runed translucent door.
  3326 | D:3      | Noticed Crazy Yiuf
  3799 | D:3      | Reached skill level 3 in Spellcasting
  3968 | D:3      | Reached XP level 6. HP: 21/46 MP: 0/0
  4209 | D:4      | Noticed an ogre
  4216 | D:4      | Killed an ogre
  4217 | D:4      | Reached skill level 4 in Spellcasting
  4624 | D:4      | Reached XP level 7. HP: 50/50 MP: 0/0
  4624 | D:4      | Learned a level 3 spell: Gell's Gravitas
  4750 | D:4      | You are sucked into a shaft and drop 2 floors!
  4774 | D:6      | Reached skill level 5 in Spellcasting
  5194 | D:6      | Reached XP level 8. HP: 31/56 MP: 0/0
  5268 | D:6      | Reached skill level 3 in Dodging
  5630 | D:6      | Reached skill level 4 in Fighting
  5954 | D:6      | Found a sacrificial altar of Ru.
  5954 | D:6      | Found a blossoming altar of Fedhas.
  5962 | D:6      | Found a faded altar of an unknown god.
  5964 | D:6      | Found a sparkling altar of Nemelex Xobeh.
  5966 | D:6      | Found an ornate altar of the Wu Jian Council.
  6107 | D:5      | Entered Level 5 of the Dungeon
  6120 | D:5      | Reached skill level 4 in Dodging
  6173 | D:5      | Found a runed translucent door.
  6224 | D:5      | Noticed p0werm0de's ghost (amateur DDFi)
  6235 | D:5      | Found a staircase to the Ecumenical Temple.
  6235 | D:5      | Noticed Duvessa
  6236 | D:5      | Noticed Dowan
  6252 | Temple   | Entered the Ecumenical Temple
  6258 | Temple   | Killed Duvessa
  6264 | Temple   | Killed Dowan
  6265 | Temple   | Reached skill level 6 in Spellcasting
  6599 | Temple   | Became a worshipper of Makhleb the Destroyer
  7173 | D:5      | Reached skill level 5 in Fighting
  7173 | D:5      | Reached skill level 5 in Dodging
  7173 | D:5      | Reached XP level 9. HP: 65/65 MP: 0/0
  7173 | D:5      | Learned a level 4 spell: Olgreb's Toxic Radiance
  7317 | D:4      | Identified the +0 scale mail "Leduoxti" {rPois rC+ Will-}
  7690 | D:3      | Killed Crazy Yiuf
  8920 | D:7      | Reached skill level 7 in Spellcasting
  9305 | D:8      | Noticed a two-headed ogre
  9350 | D:8      | Killed a two-headed ogre
  9351 | D:8      | Reached skill level 6 in Fighting
  9351 | D:8      | Reached skill level 6 in Dodging
  9643 | D:8      | Reached skill level 8 in Spellcasting
  9643 | D:8      | Reached XP level 10. HP: 70/73 MP: 0/0
 10487 | D:9      | Reached skill level 7 in Dodging
 10663 | D:9      | Noticed a two-headed ogre
 10704 | D:9      | HP: 1/73 [two-headed ogre/+0 great mace (17)]
 10710 | D:9      | HP: 5/73 [two-headed ogre/+0 great mace (4)]
 10710 | D:9      | Mangled by a two-headed ogre

Vanquished Creatures
  A two-headed ogre (D:8)
  A troll (D:9)
  Duvessa (Temple)
  2 ice beasts
  A sky beast (D:5)
  3 ogres
  2 wolves (D:9)
  A centaur (D:8)
  2 phantoms
  2 bullfrogs
  2 scorpions
  2 gnoll sergeants
  Dowan (Temple)
  A water moccasin skeleton (D:5)
  2 howler monkeys
  A bullfrog skeleton (D:6)
  A hound (D:6)
  A centaur zombie (D:7)
  2 gnoll shamans
  An orc priest (D:8)
  Crazy Yiuf (D:3)
  2 centaur skeletons
  Jessica (D:3)
  4 iguanas
  2 orc wizards
  2 killer bee zombies (D:6)
  Robin (D:3)
  16 gnolls
  7 adders
  A shadow imp (D:7)
  A howler monkey simulacrum (D:9)
  3 ufetubi
  An adder zombie (D:5)
  An adder skeleton (D:4)
  2 worms
  2 dart slugs
  10 orcs
  6 endoplasms
  2 giant cockroaches (D:1)
  8 hobgoblins
  5 jackals
  6 quokkas
  6 ball pythons
  5 bats
  11 goblins
  4 kobolds
  9 rats
149 creatures vanquished.
